Map: Blackpink LE

Players

LiquidMaNa (MaNa) - Winner!

  • Race: Protoss Protoss
  • League: Master
  • Spawn Location: 1:00

Patience

  • Race: Protoss Protoss
  • Spawn Location: 7:00

Event: HomeStory Cup XVI

VOD

Have the link to the VOD?

Description

Time

  • Played on: Nov. 9, 2017, 2:46 p.m.
  • Length: 17:58

All games in this series

Show
View Real Time Build Order
Export as new Build Order

LiquidMaNa Protoss - Winner!

Build Orders:  

Get SALT Encoding   

  12  0:02  Probe (Chrono Boost)  
  14  0:14  Probe (Chrono Boost)  
  14  0:17  Pylon  
  14  0:25  Probe (Chrono Boost)  
  15  0:31  Probe (Chrono Boost)  
  15  0:37  Gateway  
  15  0:40  Probe (Chrono Boost)  
  17  0:46  Assimilator  
  17  0:52  Probe (Chrono Boost)  
  17  0:56  Assimilator  
  18  0:59  Probe (Chrono Boost)  
  19  1:06  Probe (Chrono Boost)  
  20  1:11  Gateway  
  21  1:19  Probe (Chrono Boost)  
  21  1:24  Cybernetics Core  
  21  1:31  Probe (Chrono Boost)  
  22  1:33  Pylon  
  22  1:43  Probe (Chrono Boost)  
  23  2:02  Warp Gate  
  23  2:10  Nexus  
  23  2:18  Stalker  
  25  2:26  Stalker  
  27  2:34  Shield Battery  
  27  2:46  Robotics Facility  
  28  2:52  Probe (Chrono Boost)  
  28  2:57  Pylon  
  28  3:04  Probe (Chrono Boost)  
  29  3:08  Stalker  
  31  3:17  Probe (Chrono Boost)  
  31  3:19  Stalker  
  34  3:25  Probe (Chrono Boost)  
  35  3:29  Probe (Chrono Boost)  
  35  3:34  Observer  
  36  3:37  Probe (Chrono Boost)  
  36  3:40  Shield Battery  
  36  3:41  Probe (Chrono Boost)  
  38  3:45  Immortal  
  39  3:49  Probe (Chrono Boost)  
  43  4:00  Probe (Chrono Boost)  
  43  4:02  Probe (Chrono Boost)  
  45  4:05  Sentry  
  45  4:06  Sentry  
  49  4:10  Immortal, Pylon  
  49  4:13  Probe (Chrono Boost)  
  49  4:16  Probe (Chrono Boost)  
  52  4:25  Probe (Chrono Boost)  
  52  4:28  Probe (Chrono Boost)  
  57  4:37  Probe (Chrono Boost), Pylon  
  59  4:40  Probe (Chrono Boost), Sentry  
  59  4:44  Warp Prism  
  61  4:54  Pylon  
  61  4:58  Probe x2 (Chrono Boost)  
  65  5:08  Twilight Council  
  65  5:14  Probe x2 (Chrono Boost)  
  67  5:17  Pylon  
  67  5:21  Shield Battery  
  67  5:24  Blink, Immortal  
  67  5:27  Probe (Chrono Boost)  
  73  5:28  Probe (Chrono Boost)  
  73  5:35  Nexus  
  73  5:38  Shield Battery  
  73  5:48  Probe x2 (Chrono Boost)  
  75  5:51  Immortal  
  75  5:58  Gateway, Assimilator  
  75  6:01  Assimilator, Gateway  
  73  6:18  Shield Battery  
  69  6:20  Shield Battery  
  69  6:24  Immortal  
  69  6:25  Gateway  
  69  6:26  Gateway  
  69  6:27  Stalker  
  69  6:30  Pylon  
  75  6:51  Shield Battery  
  75  6:53  Shield Battery  
  75  6:55  Stalker x2  
  79  7:03  Immortal  
  79  7:05  Stalker  
  79  7:07  Pylon  
  85  7:09  Stalker  
  85  7:13  Probe x2 (Chrono Boost)  
  85  7:15  Probe (Chrono Boost)  
  90  7:19  Stalker  
  90  7:22  Stalker  
  94  7:27  Probe x2 (Chrono Boost)  
  94  7:29  Probe (Chrono Boost)  
  97  7:36  Adept x2  
  100  7:39  Probe (Chrono Boost)  
  100  7:40  Probe (Chrono Boost)  
  100  7:42  Probe (Chrono Boost)  
  101  7:50  Immortal  
  106  7:51  Probe (Chrono Boost)  
  106  7:52  Probe (Chrono Boost)  
  106  7:55  Probe (Chrono Boost)  
  107  8:03  Probe (Chrono Boost)  
  107  8:04  Probe (Chrono Boost)  
  110  8:07  Probe (Chrono Boost)  
  110  8:08  Robotics Facility  
  110  8:15  Probe (Chrono Boost)  
  110  8:16  Probe (Chrono Boost)  
  110  8:17  Stalker x2  
  116  8:21  Pylon  
  116  8:22  Pylon  
  116  8:27  Robotics Bay  
  116  8:31  Assimilator  
  116  8:33  Assimilator  
  116  8:40  Immortal, Forge  
  120  8:45  Probe x2 (Chrono Boost)  
  122  8:59  Protoss Ground Weapons Level 1  
  122  9:01  Stalker x2  
  122  9:02  Stalker x3  
  130  9:03  Stalker  
  130  9:08  Pylon  
  132  9:14  Photon Cannon  
  132  9:15  Disruptor  
  132  9:20  Observer  
  132  9:23  Pylon  
  133  9:26  Pylon  
  133  9:32  Observer  
  134  9:50  Stalker x3, Nexus  
  134  9:51  Disruptor  
  134  9:52  Disruptor  
  138  10:18  Stalker x5, Disruptor  
  146  10:25  Disruptor  
  145  10:31  Stalker  
  145  10:33  Protoss Ground Weapons Level 2  
  147  10:37  Pylon  
  147  10:40  Probe x2 (Chrono Boost), Pylon  
  147  10:41  Photon Cannon  
  147  10:42  Photon Cannon  
  152  10:50  Charge  
  152  10:56  Disruptor  
  140  11:24  Stalker x5  
  140  11:25  Stalker, Disruptor  
  148  11:31  Warp Prism  
  153  11:33  Shield Battery  
  137  12:01  Disruptor  
  137  12:05  Stalker x6  
  152  12:10  Gateway  
  152  12:12  Gateway  
  152  12:13  Disruptor  
  155  12:16  Shield Battery  
  155  12:19  Photon Cannon  
  155  12:20  Gateway  
  155  12:21  Probe x2 (Chrono Boost)  
  155  12:22  Probe x2 (Chrono Boost)  
  159  12:27  Dark Shrine  
  159  12:29  Photon Cannon  
  159  12:33  Probe (Chrono Boost)  
  159  12:34  Probe (Chrono Boost)  
  161  12:37  Disruptor  
  160  12:58  Zealot x4  
  160  12:59  Zealot x2  
  160  13:03  Warp Prism  
  174  13:07  Immortal  
  172  13:20  Pylon  
  172  13:21  Stalker x4, Nexus  
  178  13:28  Stargate  
  179  13:42  Observer  
  133  15:13  Nexus  
  133  15:15  Nexus, Pylon  
  130  15:29  Gateway  
  130  15:31  Gateway  
  130  15:34  Gateway  
  118  15:36  Gateway  
  118  15:38  Gateway  
  118  15:42  Gateway  
  118  15:44  Gateway  
  118  15:46  Cybernetics Core  
  104  16:02  Gateway  
  104  16:05  Pylon  
  104  16:07  Pylon  
  104  16:08  Observer  
  104  16:11  Pylon x2  
  100  16:12  Pylon  
  100  16:13  Pylon  
  98  16:34  Robotics Facility  
  98  16:36  Stalker  
  98  16:37  Stalker x3  
  98  16:38  Stalker  
  105  16:48  Stalker x2  
  105  16:53  Probe (Chrono Boost)  
  110  17:05  Probe (Chrono Boost)  
  100  17:13  Observer  
  100  17:14  Stalker x4  
  100  17:15  Stalker x4  
  109  17:17  Probe (Chrono Boost)  
  107  17:29  Probe (Chrono Boost)  
  103  17:38  Stalker x3  
  103  17:39  Stalker x5  
  103  17:41  Probe (Chrono Boost)  
Show
View Real Time Build Order
Export as new Build Order

Patience Protoss 

Build Orders: Oracle Opening, Archon Immortal, Blink Stalkers 

Get SALT Encoding   

  12  0:02  Probe (Chrono Boost)  
  14  0:14  Probe (Chrono Boost)  
  14  0:17  Pylon  
  14  0:25  Probe (Chrono Boost)  
  15  0:31  Probe (Chrono Boost)  
  16  0:39  Gateway  
  16  0:40  Probe (Chrono Boost)  
  17  0:47  Assimilator  
  17  0:53  Probe (Chrono Boost)  
  17  0:55  Assimilator  
  18  1:00  Probe (Chrono Boost)  
  19  1:09  Gateway, Probe (Chrono Boost)  
  20  1:21  Probe (Chrono Boost)  
  21  1:26  Cybernetics Core  
  22  1:33  Probe (Chrono Boost)  
  22  1:36  Pylon  
  22  1:45  Probe (Chrono Boost)  
  23  1:58  Probe (Chrono Boost)  
  23  2:01  Warp Gate  
  24  2:03  Stalker x2  
  29  2:10  Probe (Chrono Boost)  
  29  2:22  Probe (Chrono Boost)  
  30  2:34  Nexus  
  30  2:40  Pylon  
  31  2:45  Probe (Chrono Boost)  
  31  2:54  Probe (Chrono Boost)  
  36  2:58  Sentry x2  
  36  3:05  Probe (Chrono Boost)  
  36  3:09  Twilight Council  
  37  3:17  Probe (Chrono Boost)  
  38  3:22  Pylon  
  38  3:29  Probe (Chrono Boost)  
  38  3:33  Robotics Facility  
  39  3:37  Shield Battery  
  40  3:42  Probe (Chrono Boost)  
  40  3:45  Probe (Chrono Boost)  
  40  3:48  Blink  
  41  3:51  Probe (Chrono Boost)  
  41  3:54  Probe (Chrono Boost)  
  42  3:57  Oracle  
  43  4:04  Stalker  
  43  4:07  Probe (Chrono Boost)  
  43  4:08  Probe (Chrono Boost)  
  47  4:11  Stalker  
  47  4:15  Probe (Chrono Boost)  
  49  4:18  Pylon  
  49  4:20  Probe (Chrono Boost)  
  51  4:24  Probe (Chrono Boost)  
  51  4:25  Observer  
  51  4:29  Pylon  
  54  4:32  Probe (Chrono Boost)  
  54  4:38  Assimilator, Probe (Chrono Boost)  
  55  4:40  Assimilator  
  55  4:44  Probe (Chrono Boost)  
  56  4:47  Gateway  
  56  4:48  Gateway  
  56  4:49  Observer  
  57  4:58  Probe x2 (Chrono Boost)  
  59  5:05  Warp Prism  
  59  5:06  Robotics Bay  
  59  5:10  Probe (Chrono Boost)  
  62  5:27  Gateway  
  62  5:28  Gateway  
  62  5:30  Gateway  
  62  5:31  Pylon  
  62  5:32  Pylon  
  62  5:40  Probe x2 (Chrono Boost)  
  62  5:41  Pylon  
  64  5:43  Stalker x2  
  68  5:55  Stalker  
  68  5:56  Stalker  
  72  6:03  Colossus  
  68  6:13  Nexus  
  68  6:18  Extended Thermal Lance  
  74  6:25  Forge  
  74  6:27  Probe (Chrono Boost)  
  74  6:31  Probe (Chrono Boost)  
  76  6:33  Probe (Chrono Boost)  
  76  6:37  Robotics Facility  
  76  6:38  Protoss Ground Weapons Level 1  
  77  6:46  Probe (Chrono Boost)  
  76  6:57  Colossus  
  76  6:58  Probe (Chrono Boost)  
  76  6:59  Probe (Chrono Boost), Sentry  
  82  7:04  Charge  
  82  7:09  Adept x2  
  82  7:10  Adept  
  82  7:14  Adept  
  90  7:18  Probe x2 (Chrono Boost)  
  90  7:20  Pylon  
  90  7:21  Assimilator  
  90  7:22  Disruptor  
  92  7:23  Assimilator  
  95  7:44  Probe (Chrono Boost)  
  96  7:50  Colossus  
  100  7:53  Probe x2 (Chrono Boost)  
  100  7:54  Immortal  
  100  7:56  Photon Cannon, Probe (Chrono Boost)  
  101  7:58  Templar Archives  
  99  8:06  Zealot x3  
  99  8:07  Zealot x2  
  99  8:10  Pylon  
  109  8:13  Shield Battery  
  109  8:15  Shield Battery  
  109  8:17  Pylon  
  109  8:24  Protoss Ground Weapons Level 2, Probe (Chrono Boost)  
  109  8:25  Probe x2 (Chrono Boost)  
  112  8:28  Pylon  
  112  8:32  Photon Cannon  
  112  8:33  Immortal  
  112  8:37  Probe (Chrono Boost)  
  117  8:50  Immortal  
  121  9:08  Nexus  
  121  9:10  High Templar x4, Pylon  
  121  9:11  Warp Prism  
  121  9:15  Archon x2  
  129  9:19  Immortal  
  135  9:34  Stalker x2  
  135  9:35  Stalker  
  141  9:40  Pylon  
  141  9:48  Photon Cannon  
  139  10:00  Stalker x6  
  139  10:01  Stalker  
  147  10:16  Protoss Ground Weapons Level 3  
  145  10:24  Stalker x3  
  144  10:28  Pylon  
  144  10:30  Stalker  
  144  10:31  Stalker x2  
  154  10:35  Immortal  
  154  10:36  Assimilator, Probe (Chrono Boost)  
  154  10:37  Probe x3 (Chrono Boost), Pylon  
  154  10:42  Assimilator  
  154  10:48  Probe (Chrono Boost)  
  154  10:49  Observer, Dark Shrine  
  159  10:59  Pylon  
  159  11:00  Zealot x4  
  159  11:01  Zealot x2  
  172  11:09  Pylon  
  172  11:10  Pylon  
  172  11:12  Pylon  
  146  11:27  Disruptor  
  146  11:28  Disruptor  
  146  11:30  Nexus  
  150  11:40  High Templar x4  
  150  11:41  High Templar x2, Zealot  
  162  11:51  Disruptor  
  162  11:54  Disruptor  
  144  12:10  Archon x3  
  144  12:11  Probe x3 (Chrono Boost)  
  150  12:23  Probe x3 (Chrono Boost)  
  150  12:24  Observer Gravitic Boosters  
  150  12:28  Pylon  
  150  12:29  Disruptor x2  
  150  12:30  Nexus, Zealot x3  
  150  12:31  Zealot x3  
  150  12:35  Probe x2 (Chrono Boost)  
  166  12:57  Stalker x3  
  172  13:01  Pylon  
  172  13:03  Pylon  
  172  13:11  Nexus  
  172  13:24  Dark Templar x3  
  172  13:26  Dark Templar  
  178  13:27  Disruptor  
  110  14:17  Dark Templar  
  108  14:25  Dark Templar  
  39  17:45  Probe (Chrono Boost)  
Tags
 
Add a new tag
Caveats
  • Supply blocks, unpowered buildings, or Contaminate may cause inaccurate times.
  • Supply counts are checked every 10 seconds.